 Dungeon Crawl Stone Soup version 0.29-a0-613-gf2c431b9b9 (webtiles) character file.

Game seed: 7832968667788674662

1638 Patoropollo the Spear-Bearer (level 8, -5/66 HPs)
             Began as a Minotaur Fighter on June 17, 2022.
             Was an Initiate of Hepliaklqana.
             Killed from afar by Maggie (27 damage)
             ... with a bolt of fire
             ... on level 6 of the Dungeon.
             The game lasted 00:13:08 (5168 turns).

Patoropollo the Spear-Bearer (Minotaur Fighter)     Turns: 5168, Time: 00:13:09

Health: -5/66      AC: 10    Str: 23    XL:     8   Next: 66%
Magic:  7/7        EV: 10    Int:  5    God:    Hepliaklqana [......]
Gold:   276        SH:  4    Dex: 10    Spells: 7/7 levels left

rFire   . . .      SeeInvis .   j - +2 spear
rCold   + . .      Faith    .   c - +0 buckler
rNeg    . . .      Spirit   .   k - +1 ring mail {rC+}
rPois   .          Reflect  .   (helmet restricted)
rElec   .          Harm     .   (no cloak)
rCorr   .          Rampage  .   (no gloves)
Will    .....                   (no boots)
Stlth   ..........              (no amulet)
HPRegen 0.21/turn               v - +4 ring of protection
MPRegen 0.10/turn               (no ring)

@: mesmerised
A: horns 2, retaliatory headbutt
a: Renounce Religion


You were on level 6 of the Dungeon.
You worshipped Hepliaklqana.
Hepliaklqana was noncommittal.
You visited 2 branches of the dungeon, and saw 7 of its levels.

You collected 276 gold pieces.

Inventory:

Hand Weapons
 j - a +2 spear (weapon)
Armour
 c - a +0 buckler (worn)
 k - a +1 ring mail of cold resistance (worn)
Jewellery
 r - a +6 ring of intelligence
 v - a +4 ring of protection (left hand)
Wands
 d - a wand of iceblast (5)
 o - a wand of charming (4)
 q - a wand of flame (14)
 y - a wand of acid (11)
Scrolls
 a - 2 scrolls of fear
 f - 2 scrolls of poison
 g - 2 scrolls of teleportation
 i - 2 scrolls of fog
 l - a scroll of magic mapping {unknown}
 n - 2 scrolls of identify
 s - a scroll of vulnerability
 w - 2 scrolls of immolation {unknown}
 x - a scroll of enchant weapon
Potions
 b - 3 potions of magic
 e - a potion of mutation {unknown}
 h - a potion of haste
 p - a potion of resistance {unknown}
 t - a potion of brilliance


   Skills:
 - Level 3.7 Fighting
 + Level 13.2 Polearms
 - Level 3.7 Armour
 - Level 3.7 Shields


You had 7 spell levels left.
You didn't know any spells.
Your spell library contained the following spells:

 Spells                   Type           Power      Damage    Failure   Level
 Freeze                   Ice            0%         1d3       73%         1
 Magic Dart               Conj           0%         1d3       73%         1
 Searing Ray              Conj           0%         2d4       86%         2
 Frozen Ramparts          Ice            0%         1d2       97%         3
 Ozocubu's Armour         Ice            0%         N/A       97%         3
 Summon Guardian Golem    Hex/Summ       0%         N/A       97%         3
 Fulminant Prism          Conj/Hex       0%         3d6       100%        4
 Hailstorm                Conj/Ice       0%         3d3       100%        4
 Ice Form                 Ice/Tmut       0%         N/A       100%        4
 Summon Ice Beast         Ice/Summ       0%         N/A       100%        4
 Orb of Destruction       Conj           0%         9d5       100%        7
 Ozocubu's Refrigeration  Ice            0%         4d5       100%        7
 Spellforged Servitor     Conj/Summ      0%         N/A       100%        7


Dungeon Overview and Level Annotations

Branches:
Dungeon (6/15)             Temple (1/1) D:4

Altars:
Ashenzari
Cheibriados
Gozag
Hepliaklqana
Kikubaaqudgha
Makhleb
Okawaru
Qazlal
Ru
Sif Muna
Trog
Uskayaw
Vehumet
Wu Jian
Xom
Yredelemnul
The Shining One

Annotations:
D:6 Maggie


Innate Abilities, Weirdness & Mutations

You have a pair of horns on your head.
You reflexively headbutt those who attack you in melee.


Message History

Maggie is severely wounded.
Maggie hits you with a +0 scimitar. The iguana bites you!
Unknown command.
You barely miss Maggie. Your headbutt misses Maggie.
Maggie is severely wounded.
Unknown command.
You barely miss Maggie.
Maggie is severely wounded.
Maggie gestures at you while chanting. The bolt of fire hits you!!
The iguana bites you.
Unknown command.
You hit Maggie but do no damage.
Maggie is severely wounded.
Unknown command.
You hit Maggie.
Maggie is almost dead.
Maggie closely misses you. The iguana barely misses you.
Unknown command.
You hit Maggie but do no damage. Your headbutt misses Maggie.
Maggie is almost dead.
Unknown command.
You hit Maggie.
Maggie is almost dead.
Maggie hits you with a +0 scimitar! The iguana closely misses you.
Unknown command.
You are too injured to fight recklessly!
Unknown command.
You are too injured to fight recklessly!
Unknown command.
You are too injured to fight recklessly!
Unknown command.
You are too injured to fight recklessly!
Unknown command.
You closely miss Maggie.
Maggie is almost dead.
You hit Maggie.
Maggie is almost dead.
Maggie casts a spell at you. The bolt of fire hits you!!
You die...

#........#####
#........##...
####.†.........##
#...(†######...#
#..)..# ##..##
#.....# ###....
#....######...##.
#.###...........#####
#...@l...#...........
#####@.....#######...
#.....## #...
.....(... #...
......###.. ###.
...##.## . #. .... ..
#. #.### ... #. ..
.##. ..


You could see Maggie (mesmerising) and an iguana.

Vanquished Creatures
  The ghost of moldycheese5 the Skirmisher, an amateur DsAK of Lugonu (D:3)
  A water moccasin (D:6)
  A black bear (D:6)
  2 ice beasts (D:5)
  A gnoll sergeant (D:6)
  A bullfrog (D:5)
  2 necrophages (D:5)
  2 scorpions
  The ghost of Foxy the Ruffian, a weakling TrGl (D:3)
  The ghost of nrs142 the Slasher, a weakling MiMo (D:3)
  A howler monkey (D:5)
  The ghost of shadowstone the Conjurer, a weakling TeCj (D:3)
  5 hounds
  An orc priest (D:3)
  A gnoll shaman (D:6)
  Ijyb (D:4)
  Natasha (thrice) (D:3)
  Robin (D:2)
  9 gnolls (D:6)
  6 adders
  3 worms
  2 dart slugs (D:1)
  22 orcs
  3 endoplasms
  2 giant cockroaches
  24 goblins
  5 hobgoblins
  3 jackals (D:5)
  4 quokkas
  5 ball pythons
  4 bats
  5 frilled lizards
  9 kobolds
  6 rats
139 creatures vanquished.

Vanquished Creatures (others)
  13 toadstools (D:6)
  2 withered plants (D:3)
15 creatures vanquished.

Grand Total: 154 creatures vanquished

Notes
Turn   | Place    | Note
-------+----------+-------------------------------------------
     0 | D:1      | Patoropollo the Minotaur Fighter began the quest for the
                  | Orb.
     0 | D:1      | Reached XP level 1. HP: 19/19 MP: 0/0
   163 | D:1      | Reached skill level 3 in Polearms
   164 | D:1      | Reached XP level 2. HP: 27/27 MP: 1/1
   801 | D:2      | Reached skill level 4 in Polearms
   801 | D:2      | Reached XP level 3. HP: 33/33 MP: 2/2
  1093 | D:2      | Identified the -1 helmet of the Toothy God {rPois}
  1093 | D:2      | Noticed Robin
  1103 | D:2      | Reached skill level 5 in Polearms
  1253 | D:2      | Reached XP level 4. HP: 40/40 MP: 3/3
  1260 | D:2      | Killed Robin
  1424 | D:3      | Found a runed translucent gate.
  1425 | D:3      | Found a runed translucent gate.
  1425 | D:3      | Noticed Natasha
  1426 | D:3      | Found a runed translucent gate.
  1435 | D:3      | Killed Natasha
  1474 | D:3      | Noticed Natasha
  1480 | D:3      | Reached skill level 6 in Polearms
  1487 | D:3      | Killed Natasha
  1488 | D:3      | Reached XP level 5. HP: 33/46 MP: 4/4
  1500 | D:3      | Noticed Natasha
  1504 | D:3      | Killed Natasha
  1658 | D:3      | Noticed shadowstone's ghost (weakling TeCj)
  2030 | D:3      | Reached skill level 7 in Polearms
  2227 | D:3      | Noticed nrs142's ghost (weakling MiMo)
  2227 | D:3      | Noticed moldycheese5's ghost (amateur DsAK)
  2228 | D:3      | Noticed Foxy's ghost (weakling TrGl)
  2404 | D:3      | Killed nrs142's ghost
  2405 | D:3      | Reached XP level 6. HP: 18/52 MP: 5/5
  2415 | D:3      | Killed moldycheese5's ghost
  2416 | D:3      | Reached skill level 8 in Polearms
  2421 | D:3      | Killed Foxy's ghost
  2424 | D:3      | Killed shadowstone's ghost
  2425 | D:3      | Reached skill level 9 in Polearms
  2746 | D:4      | Reached XP level 7. HP: 58/58 MP: 6/6
  2759 | D:4      | Found an ornate altar of the Wu Jian Council.
  2978 | D:4      | Noticed Ijyb
  2998 | D:4      | Killed Ijyb
  3317 | D:4      | Found a staircase to the Ecumenical Temple.
  3505 | Temple   | Entered the Ecumenical Temple
  3714 | Temple   | Became a worshipper of Hepliaklqana the Forgotten
  3772 | D:5      | Entered Level 5 of the Dungeon
  3864 | D:5      | Reached skill level 10 in Polearms
  4074 | D:5      | Reached skill level 11 in Polearms
  4235 | D:5      | Reached XP level 8. HP: 66/66 MP: 7/7
  4619 | D:6      | Reached skill level 12 in Polearms
  4796 | D:6      | HP: 1/66 [asphyx]
  4813 | D:6      | HP: 3/66 [poisoned by a gnoll sergeant (curare-tipped
                  | dart)]
  5111 | D:6      | Identified the +1 robe of Duty {*Slow Regen+ Int+3 Dex+4
                  | SInv}
  5141 | D:6      | Reached skill level 13 in Polearms
  5147 | D:6      | Noticed Maggie
  5168 | D:6      | Killed from afar by Maggie

Illustrated notes

Levels and vault maps discovered:
D:1:      minmay_arrival_plants_in_alcoves, layout_loops_ring
D:2:      layout_rooms, st_stairs_7, serial_bayou_pond_a,
          minmay_misc_feat_pillars, corexii_shack, minmay_stone_trees_medium,
          uniq_robin
D:3:      layout_rooms, gammafunk_ghost_cemetery, moated_statue,
          grunt_decor_arrowhead, minmay_goblin_outpost, uniq_natasha
D:4:      kennysheep_the_goblin_king, layout_loops_ring,
          mainiacjoe_overflow_paths, minmay_temple_entry_fiery
D:5:      layout_basic
D:6:      layout_rooms, tgw_fedhas, serial_shops, kennysheep_mini,
          cheibrodos_sewer_entry_bend, nrook_loot_triangle, minmay_shop_mayhem,
          minmay_misc_feat_room, minmay_misc_feat_four_crosses, uniq_grinder,
          uniq_maggie, uniq_sigmund
Temple:   eino_temple_rhombus

Skill      XL: |  1  2  3  4  5  6  7  8 |
---------------+-------------------------+-----
Polearms       | 3 4 5 6 7 9 11 13 | 13.2
Fighting       | |  3.7
Armour         | |  3.7
Shields        | |  3.7

Action                   |  1- 3 |  4- 6 |  7- 9 || total
-------------------------+-------+-------+-------++-------
Melee: Trident           |    25 |       |       ||    25
       Spear             |    81 |   147 |   267 ||   495
       Headbutt          |     9 |    23 |    29 ||    61
  Use: Potion            |       |     3 |     6 ||     9
       Scroll            |       |    11 |       ||    11
Armor: Scale mail        |    14 |       |       ||    14
       Ring mail         |    11 |    18 |    43 ||    72
Dodge: Dodged            |    35 |    34 |    67 ||   136
Block: Buckler           |    15 |    15 |    33 ||    63

Table legend: (Time is in decaauts)
 A = Elapsed time spent in this place.
 B = Non-inter-level travel time spent in this place.
 C = Inter-level travel time spent in this place.
 D = Time resting spent in this place.
 E = Time spent auto-exploring this place.
 F = Levels seen in this place.
 G = Mean time per level.
                   A        B        C        D        E       F      G
               +--------+--------+--------+--------+--------+-----+--------+
         Total |   5063 |   4736 |    327 |      0 |   3813 |   7 |  723.3 |
       Dungeon |   4837 |   4554 |    283 |      0 |   3647 |   6 |  806.2 |
        Temple |    225 |    181 |     44 |      0 |    166 |   1 |  225.0 |
               +--------+--------+--------+--------+--------+-----+--------+

Top non-repeatable levels by time:
     D:3: 1364 daAuts
     D:1: 797 daAuts
     D:4: 789 daAuts
     D:5: 745 daAuts
     D:6: 603 daAuts
     D:2: 537 daAuts
  Temple: 225 daAuts
